Map: Acolyte LE

Players

Juxtapose - Winner!

  • Race: Protoss Protoss
  • League: Gold
  • Spawn Location: 7:00

Wreckless

  • Race: Terran Terran
  • Spawn Location: 1:00

VOD

https://youtu.be/Vakemkp7B4Q

Description

Wreckless, aka Law212, recently picked up StarCraft II: Legacy of the Void and reached out to me to start learning Multiplayer. So we start with a best of three set in which I simply want to see how he does.

I need to watch the Replays themselves still so I can properly provide him with some tips to practice for our next set.

This is the second match of the set.

Time

  • Played on: Aug. 29, 2017, 9:31 p.m.
  • Length: 11:58
Show
View Real Time Build Order
Export as new Build Order

Juxtapose Protoss - Winner!

Build Orders: Oracle Opening 

Get SALT Encoding   

  12  0:01  Probe (Chrono Boost)  
  13  0:12  Probe (Chrono Boost)  
  14  0:20  Pylon  
  14  0:22  Probe (Chrono Boost)  
  15  0:38  Probe (Chrono Boost)  
  15  0:39  Gateway  
  16  0:48  Probe (Chrono Boost)  
  17  0:55  Assimilator  
  17  0:57  Pylon  
  17  0:59  Probe (Chrono Boost)  
  18  1:09  Probe (Chrono Boost)  
  19  1:12  Assimilator  
  19  1:20  Probe (Chrono Boost)  
  20  1:31  Probe (Chrono Boost), Cybernetics Core  
  21  1:41  Probe (Chrono Boost), Zealot  
  24  1:52  Probe (Chrono Boost)  
  25  2:01  Pylon  
  25  2:06  Pylon  
  25  2:10  Mothership Core (Chrono Boost)  
  25  2:11  Warp Gate (Chrono Boost)  
  27  2:29  Stargate  
  27  2:55  Pylon  
  27  3:00  Gateway  
  27  3:01  Gateway  
  27  3:15  Oracle (Chrono Boost)  
  30  3:29  Nexus  
  30  3:30  Pylon  
  30  3:37  Pylon  
  30  3:49  Pylon  
  30  4:02  Probe  
  31  4:14  Probe  
  32  4:18  Sentry x2  
  36  5:09  Adept x3  
  42  5:17  Twilight Council  
  42  5:20  Forge  
  42  5:22  Probe  
  42  5:25  Robotics Facility  
  42  5:28  Probe  
  44  5:32  Probe  
  45  5:40  Probe  
  46  5:44  Pylon  
  46  5:46  Gateway  
  46  5:48  Gateway  
  46  5:50  Probe  
  46  5:51  Robotics Facility  
  46  5:52  Probe  
  48  6:22  Probe  
  48  6:24  Probe  
  50  6:26  Assimilator  
  50  6:30  Assimilator, Protoss Ground Weapons Level 1 (Chrono Boost)  
  50  6:31  Resonating Glaives  
  50  6:34  Void Ray  
  50  6:39  Observer  
  55  6:41  Warp Prism  
  55  6:46  Sentry  
  59  6:47  Adept  
  59  6:48  Adept x2  
  59  6:49  Adept  
  59  6:52  Probe  
  59  6:54  Probe  
  69  7:06  Probe  
  70  7:19  Probe  
  70  7:20  Probe  
  72  7:27  Stalker  
  72  7:28  Stalker x2  
  72  7:29  Probe, Stalker  
  80  7:32  Probe  
  80  7:35  Adept  
  84  7:40  Probe  
  85  7:44  Probe  
  85  7:50  Probe  
  87  8:04  Nexus  
  87  8:13  Blink  
  87  8:15  Stalker  
  87  8:16  Stalker  
  91  8:20  Warp Prism  
  93  8:30  Void Ray  
  97  8:48  Pylon x2  
  97  8:49  Pylon  
  97  9:05  Protoss Ground Armor Level 1 (Chrono Boost)  
  97  9:12  Void Ray  
  101  9:27  Zealot x4  
  101  9:28  Zealot  
  108  9:48  Adept  
  108  9:49  Adept x2  
  114  9:54  Stalker x2  
  112  10:14  Charge  
  112  10:15  Stalker x3  
  118  10:36  Probe  
  119  10:47  Probe  
  120  10:54  Immortal x2  
  120  10:56  Void Ray, Assimilator  
  132  10:57  Probe  
  132  11:02  Assimilator  
  133  11:24  Zealot x2  
  133  11:25  Zealot x2  
  141  11:35  Pylon  
  141  11:38  Pylon  
  141  11:42  Pylon  
Show
View Real Time Build Order
Export as new Build Order

Wreckless Terran 

Build Orders:  

Get SALT Encoding   

  12  0:16  Supply Depot  
  12  0:18  Refinery  
  12  0:49  Barracks  
  12  0:55  Supply Depot  
  12  0:59  SCV  
  13  1:11  SCV  
  14  1:23  SCV  
  15  1:26  Supply Depot  
  15  1:35  SCV  
  16  1:47  SCV  
  17  2:19  Command Center  
  17  2:22  SCV  
  18  2:28  Marine  
  19  2:34  SCV  
  20  2:43  Supply Depot  
  20  2:46  Marine, SCV  
  22  3:04  Marine  
  23  3:06  Bunker  
  23  3:22  Reaper, Orbital Command  
  24  3:36  SCV  
  25  3:48  SCV  
  26  3:54  Reaper  
  27  4:00  SCV  
  28  4:10  Engineering Bay  
  28  4:12  SCV  
  28  4:13  SCV  
  30  4:25  SCV  
  30  4:26  Reaper  
  32  4:32  Supply Depot  
  32  4:37  SCV  
  15  4:58  Marine  
  14  5:10  SCV  
  15  5:16  Marine  
  15  5:19  SCV  
  17  5:22  SCV  
  18  5:31  SCV  
  18  5:34  Marine, SCV  
  21  5:44  SCV  
  21  5:46  SCV  
  23  5:51  Marine  
  23  5:56  SCV  
  25  5:58  SCV  
  26  6:08  SCV  
  27  6:31  Barracks Tech Lab  
  27  6:39  Terran Infantry Weapons Level 1  
  27  6:42  SCV  
  28  6:50  Marine  
  29  6:54  SCV  
  30  7:06  SCV  
  30  7:07  Barracks  
  31  7:09  Marauder  
  33  7:18  SCV  
  34  7:29  Missile Turret  
  34  7:30  Marauder  
  34  7:33  SCV  
  37  7:45  SCV  
  38  7:51  Reaper  
  39  8:04  Factory  
  39  8:14  Refinery  
  39  8:23  Marine  
  40  8:34  Ghost Academy  
  40  8:39  Reaper  
  41  8:41  Reaper  
  42  8:49  Hellion  
  44  9:05  SCV  
  45  9:11  Hellion, Marine  
  45  9:13  Reaper  
  49  9:17  SCV  
  50  9:29  Marine  
  50  9:30  SCV  
  52  9:31  Refinery, Widow Mine  
  54  9:42  SCV  
  54  9:45  Marine  
  55  9:46  Marine  
  57  9:54  SCV  
  57  9:57  Nuke  
  58  10:04  Cyclone, Marine  
  16  10:35  Widow Mine  
Tags
 
League
Gold
Matchup
PvT
Spawn Locations
Cross Positions
Add a new tag
Caveats
  • Supply blocks, unpowered buildings, or Contaminate may cause inaccurate times.
  • Supply counts are checked every 10 seconds.